 Dungeon Crawl Stone Soup version 0.29-a0-330-g52719c12eb (webtiles) character file.

Game seed: 8590494441753305408

5688 sanka the Martial Artist (level 10, -5/77 (82) HPs)
             Began as a Gnoll Monk on Apr 19, 2022.
             Was an Elder of Vehumet.
             Slain by an orc warrior
             ... wielding a +0 dire flail
              (10 damage)
             ... on level 8 of the Dungeon.
             The game lasted 00:24:56 (13389 turns).

sanka the Martial Artist (Gnoll Monk)              Turns: 13389, Time: 00:24:56

HP:   -5/77 (82)    AC:  6    Str: 18    XL:     10   Next: 75%
MP:   2/18          EV: 16    Int: 19    God:    Vehumet [****..]
Gold: 196           SH:  0    Dex: 14    Spells: 8/20 levels left

rFire   + . .      SeeInvis .   b - +4 spear of Honour {freeze, rF+ Int+6}
rCold   . . .      Faith    .   (no shield)
rNeg    . . .      Spirit   .   a - +0 robe
rPois   .          Reflect  .   (no helmet)
rElec   .          Harm     .   (no cloak)
rCorr   .          Rampage  .   x - +0 pair of gloves
Will    +....                   s - +0 pair of boots
Stlth   +++.......              (no amulet)
HPRegen 0.22/turn               Q - +6 ring of strength
MPRegen 0.16/turn               T - ring of willpower

@: drained
A: fangs 1, strong nose, distributed training, shaggy fur 1
a: Renounce Religion


You were on level 8 of the Dungeon.
You worshipped Vehumet.
Vehumet was greatly pleased with you.
You visited 1 branch of the dungeon, and saw 8 of its levels.
You also visited: Bailey.

You collected 326 gold pieces.
You spent 130 gold pieces at shops.


Innate Abilities, Weirdness & Mutations

You have very sharp teeth.
Your uncanny sense of smell can sniff out nearby items.
Your experience applies equally to all skills.
You are covered in fur. (AC +1)


   Skills:
 + Level 8.7 Fighting
 + Level 5.6 Short Blades
 + Level 5.6 Long Blades
 + Level 5.6 Axes
 + Level 5.6 Maces & Flails
 + Level 5.6 Polearms
 + Level 5.6 Staves
 + Level 5.6 Slings
 + Level 5.6 Bows
 + Level 5.6 Crossbows
 + Level 5.6 Throwing
 + Level 5.6 Armour
 + Level 8.7 Dodging
 + Level 7.0 Stealth
 + Level 5.6 Shields
 + Level 8.7 Unarmed Combat
 + Level 5.6 Spellcasting
 + Level 4.6 Conjurations
 + Level 4.6 Hexes
 + Level 4.6 Summonings
 + Level 4.6 Necromancy
 + Level 4.6 Translocations
 + Level 4.6 Transmutations
 + Level 4.6 Fire Magic
 + Level 4.6 Ice Magic
 + Level 4.6 Air Magic
 + Level 4.6 Earth Magic
 + Level 4.6 Poison Magic
 + Level 6.1 Invocations
 + Level 5.6 Evocations


You had 8 spell levels left.
You knew the following spells:

 Your Spells              Type           Power      Damage    Failure   Level
z - Searing Ray           Conj           44%        2d6       1%          2
C - Lee's Rapid Deconstr  Erth           11%        3d9*      13%         5
X - Iskenderun's Battles  Conj           22%        2d8       13%         5

Your spell library contained the following spells:

 Spells                   Type           Power      Damage    Failure   Level
 Foxfire                  Conj/Fire      88%        2x1d8     1%          1
 Conjure Flame            Conj/Fire      22%        6-21      1%          3
 Inner Flame              Hex/Fire       22%        N/A       1%          3
 Ensorcelled Hibernation  Hex/Ice        44%        N/A       2%          2
 Flame Wave               Conj/Fire      22%        2d7       4%          4
 Spider Form              Tmut/Pois      22%        N/A       5%          3
 Anguish                  Hex/Necr       11%        N/A       17%         4
 Passage of Golubria      Tloc           22%        N/A       17%         4
 Silence                  Hex/Air        11%        N/A       43%         5
 Lehudib's Crystal Spear  Conj/Erth      11%        10d4      100%        8

Inventory:

Hand Weapons
 b - the +4 spear of Honour (weapon) {freeze, rF+ Int+6}

   It freezes those it strikes, dealing additional cold damage.
   It can also slow down cold-blooded creatures.
   Int:       It affects your intelligence (+6).
   rF:        It protects you from fire.
 n - a +2 whip of venom
 K - a +0 whip of electrocution
 N - a +3 antimagic bardiche
Missiles
 h - 260 stones
 o - 23 poisoned darts (quivered)
 t - 7 javelins
 F - 4 throwing nets {=f}
 L - a curare-tipped dart {=f}
Armour
 a - a +0 robe (worn)
 s - a +0 pair of boots (worn)
 x - a +0 pair of gloves (worn)
Magical Staves
 y - a staff of air
Jewellery
 g - a ring of see invisible
 A - a ring of fire
 Q - a +6 ring of strength (left hand)
 T - a ring of willpower (right hand)
Wands
 w - a wand of mindburst (12)
 B - a wand of digging (1)
 C - a wand of iceblast (16)
 D - a wand of flame (25)
Scrolls
 d - 2 scrolls of brand weapon
 e - 2 scrolls of fog
 f - 2 scrolls of amnesia
 i - 5 scrolls of teleportation {@r4}
 k - 2 scrolls of magic mapping {unknown}
 r - a scroll of acquirement {unknown}
 u - 2 scrolls of immolation {!r}
 z - 3 scrolls of enchant armour
 G - a scroll of silence {unknown}
 H - 3 scrolls of enchant weapon {unknown}
 I - 2 scrolls of blinking {unknown}
 O - a scroll of fear {unknown}
 P - a scroll of vulnerability {unknown}
Potions
 c - 4 potions of attraction {!q}
 j - a potion of degeneration {unknown}
 l - 4 potions of heal wounds {unknown}
 m - a potion of flight {unknown}
 p - 4 potions of curing {@q1}
 q - 3 potions of mutation {!q}
 v - a potion of brilliance {unknown}
 E - a potion of resistance {unknown}
 J - 2 potions of invisibility {unknown}
 M - 3 potions of ambrosia
 R - a potion of experience {unknown}
 S - a potion of haste {@q3}

Dungeon Overview and Level Annotations

Branches:
Dungeon (8/15)             Temple (0/1) D:5          Bailey (visited)
   Lair: D:8-11

Altars:
Cheibriados
Elyvilon
Nemelex Xobeh
Okawaru
Qazlal
Vehumet
Wu Jian
Zin
The Shining One

Shops:
D:7 !

Annotations:
D:6 3 runed translucent doors, initializr's ghost, novice PaFi

▒.▒ ▒▒.▒..▒▒▒...... ▒.▒ ▒..▒.▒
▒..▒▒..▒ ▒.▒▒ ▒.▒..▒▒▒.▒▒..▒▒
▒..▒▒▒▒.▒.▒....>...▒
▒▒▒▒▒▒▒▒▒▒.▒▒........▒▒▒▒.▒▒
▒▒▒▒.................▒▒▒▒▒▒▒.▒▒▒
▒....▒......)......▒▒▒..........
.......▒..▒▒▒.▒▒▒▒.▒ ▒..........
▒▒▒▒▒▒▒...▒▒
▒.og...▒▒▒.......... ........▒▒▒
▒▒o.*............... ......o▒▒
▒.....▒▒▒▒▒▒▒▒▒▒▒▒▒▒
.....>.........▒...▒
........▒▒▒▒▒▒▒▒...▒ .>.....▒▒
▒...▒ .......▒ ▒▒▒▒▒ ▒▒▒▒▒▒▒▒


You could see an orc warrior, an orc and a friendly battlesphere.


Message History

* * * LOW HITPOINT WARNING * * *
The orc hits you but does no damage.
You hit the orc warrior. You freeze the orc warrior.
Your punch misses the orc warrior.
The orc warrior is severely wounded.
The orc hits you with a +0 whip.
* * * LOW HITPOINT WARNING * * *
The orc warrior hits you with a +0 dire flail!
* * * LOW HITPOINT WARNING * * *
Unknown command.
The orc attacks as you move away! The orc closely misses you.
You conjure a globe of magical energy.
The orc warrior hits you but does no damage.
You don't have enough magic to cast this spell.
Unknown command.
You hit the orc warrior but do no damage.
The orc warrior is severely wounded.
The orc closely misses you. The orc warrior barely misses you.
You hit the orc warrior but do no damage.
You punch the orc warrior, but do no damage.
The orc warrior is severely wounded.
Aiming: Throw Flame
Aim: an orc warrior, wielding a +0 dire flail and wearing a +0 plate armour (severely wounded, 74% to hit)
The puff of flame hits the orc warrior!
The orc warrior is almost dead.
The orc warrior hits you with a +0 dire flail!
You die...

Action                   |  1- 3 |  4- 6 |  7- 9 | 10-12 || total
-------------------------+-------+-------+-------+-------++-------
Melee: Unarmed           |   113 |    22 |   207 |    77 ||   419
       Bite              |    10 |     9 |    26 |    18 ||    63
       Punch             |     2 |     6 |     9 |    11 ||    28
       Whip              |       |    71 |       |    19 ||    90
       Short sword       |       |       |    17 |       ||    17
       Spear             |       |       |     3 |    20 ||    23
Throw: Dart              |       |       |    48 |     7 ||    55
 Cast: Searing Ray       |     1 |     4 |    34 |     7 ||    46
       Iskenderun's Batt |       |       |     8 |     4 ||    12
       Lee's Rapid Decon |       |       |       |     8 ||     8
Evoke: Wand              |       |       |     7 |    16 ||    23
  Use: Potion            |       |     4 |       |       ||     4
       Scroll            |       |       |     5 |     1 ||     6
 Stab: Sleeping          |     9 |     6 |     5 |       ||    20
Armor: Robe              |     8 |    17 |    50 |    18 ||    93
Dodge: Dodged            |    62 |   108 |   225 |   142 ||   537

Levels and vault maps discovered:
D:1:      ldierk_walled_garden_2, layout_basic,
          hellmonk_ecumenical_altar_lost_god
D:2:      kennysheep_six_static_rooms, layout_basic, minmay_tetromino_i4
D:3:      layout_basic, mainiacjoe_overflow_24_doors
D:4:      layout_basic, minmay_close_crescents, uniq_ijyb
D:5:      nicolae_BIG_FREAKIN_CUBE, layout_rooms,
          chequers_temple_overflow_statue_of_worship,
          mainiacjoe_overflow_six_doors_small, minmay_temple_entry_butterflies
D:6:      layout_gridville, mainiacjoe_overflow_surrounded_room,
          mainiacjoe_overflow_alcove_4, ebering_ghost_rock_garden,
          minmay_crystal_room, uniq_pikel
D:7:      layout_cave_pods, enter_bailey_2, serial_shops,
          nicolae_inconvenience_store
D:8:      layout_rooms, kennysheep_orc_sif_temple, minmay_lair_entry_grove,
          nrook_mini_backslash, uniq_erica

Notes
Turn   | Place    | Note
-------+----------+-------------------------------------------
     0 | D:1      | sanka the Gnoll Monk began the quest for the Orb.
     0 | D:1      | Reached XP level 1. HP: 23/23 MP: 1/1
   162 | D:1      | Reached XP level 2. HP: 29/29 MP: 2/2
   237 | D:1      | Found a faded altar of an unknown god.
   253 | D:1      | Prayed at the altar of an unknown god.
   253 | D:1      | Became a worshipper of Vehumet
   253 | D:1      | Reached * piety under Vehumet
   253 | D:1      | Offered knowledge of Sandblast by Vehumet.
   253 | D:1      | Reached ** piety under Vehumet
   496 | D:1      | Offered knowledge of Foxfire by Vehumet.
   681 | D:1      | Reached *** piety under Vehumet
   681 | D:1      | Offered knowledge of Searing Ray by Vehumet.
   685 | D:1      | Learned a level 2 spell: Searing Ray
   691 | D:1      | Reached XP level 3. HP: 35/35 MP: 3/3
  1425 | D:2      | Reached skill level 1 in Invocations
  1910 | D:2      | Offered knowledge of Hailstorm by Vehumet.
  1911 | D:2      | Reached skill level 1 in Short Blades
  1911 | D:2      | Reached skill level 1 in Long Blades
  1911 | D:2      | Reached skill level 1 in Axes
  1911 | D:2      | Reached skill level 1 in Maces & Flails
  1911 | D:2      | Reached skill level 1 in Polearms
  1911 | D:2      | Reached skill level 1 in Staves
  1911 | D:2      | Reached skill level 1 in Slings
  1911 | D:2      | Reached skill level 1 in Bows
  1911 | D:2      | Reached skill level 1 in Crossbows
  1911 | D:2      | Reached skill level 1 in Throwing
  1911 | D:2      | Reached skill level 1 in Armour
  1911 | D:2      | Reached skill level 1 in Shields
  1911 | D:2      | Reached skill level 1 in Spellcasting
  1911 | D:2      | Reached skill level 1 in Evocations
  2001 | D:2      | Reached XP level 4. HP: 41/41 MP: 5/5
  2507 | D:3      | Found a white marble altar of Elyvilon.
  2527 | D:3      | Reached skill level 1 in Conjurations
  2527 | D:3      | Reached skill level 1 in Hexes
  2527 | D:3      | Reached skill level 1 in Summonings
  2527 | D:3      | Reached skill level 1 in Necromancy
  2527 | D:3      | Reached skill level 1 in Translocations
  2527 | D:3      | Reached skill level 1 in Transmutations
  2527 | D:3      | Reached skill level 1 in Fire Magic
  2527 | D:3      | Reached skill level 1 in Ice Magic
  2527 | D:3      | Reached skill level 1 in Air Magic
  2527 | D:3      | Reached skill level 1 in Earth Magic
  2527 | D:3      | Reached skill level 1 in Poison Magic
  3500 | D:4      | Reached **** piety under Vehumet
  3501 | D:4      | Reached XP level 5. HP: 47/47 MP: 6/6
  3579 | D:4      | Noticed Ijyb
  3596 | D:4      | Killed Ijyb
  3768 | D:4      | Offered knowledge of Iskenderun's Battlesphere by Vehumet.
  3775 | D:4      | Learned a level 5 spell: Iskenderun's Battlesphere
  3878 | D:4      | Noticed a water moccasin
  3879 | D:4      | Noticed a black bear
  3888 | D:4      | Reached skill level 2 in Invocations
  3888 | D:4      | Reached XP level 6. HP: 53/53 MP: 2/8
  3906 | D:4      | Gained mutation: You are clumsy. (Dex -2) [potion of
                  | mutation]
  3906 | D:4      | Lost mutation: You are clumsy. (Dex -2) [potion of
                  | mutation]
  3906 | D:4      | Gained mutation: You are covered in fur. (AC +1) [potion of
                  | mutation]
  3916 | D:4      | Killed a water moccasin
  3917 | D:4      | Reached skill level 2 in Short Blades
  3917 | D:4      | Reached skill level 2 in Long Blades
  3917 | D:4      | Reached skill level 2 in Axes
  3917 | D:4      | Reached skill level 2 in Maces & Flails
  3917 | D:4      | Reached skill level 2 in Polearms
  3917 | D:4      | Reached skill level 2 in Staves
  3917 | D:4      | Reached skill level 2 in Slings
  3917 | D:4      | Reached skill level 2 in Bows
  3917 | D:4      | Reached skill level 2 in Crossbows
  3917 | D:4      | Reached skill level 2 in Throwing
  3917 | D:4      | Reached skill level 2 in Armour
  3917 | D:4      | Reached skill level 2 in Shields
  3917 | D:4      | Reached skill level 2 in Spellcasting
  3917 | D:4      | Reached skill level 2 in Evocations
  3919 | D:4      | Killed a black bear
  4192 | D:4      | Reached XP level 7. HP: 57/59 MP: 10/10
  4804 | D:5      | Entered Level 5 of the Dungeon
  4842 | D:5      | Reached skill level 7 in Fighting
  4842 | D:5      | Reached skill level 7 in Dodging
  4842 | D:5      | Reached skill level 7 in Unarmed Combat
  4997 | D:5      | Reached skill level 2 in Conjurations
  4997 | D:5      | Reached skill level 2 in Hexes
  4997 | D:5      | Reached skill level 2 in Summonings
  4997 | D:5      | Reached skill level 2 in Necromancy
  4997 | D:5      | Reached skill level 2 in Translocations
  4997 | D:5      | Reached skill level 2 in Transmutations
  4997 | D:5      | Reached skill level 2 in Fire Magic
  4997 | D:5      | Reached skill level 2 in Ice Magic
  4997 | D:5      | Reached skill level 2 in Air Magic
  4997 | D:5      | Reached skill level 2 in Earth Magic
  4997 | D:5      | Reached skill level 2 in Poison Magic
  5267 | D:5      | Reached skill level 5 in Stealth
  5374 | D:5      | Reached skill level 3 in Invocations
  5403 | D:5      | Reached XP level 8. HP: 49/67 MP: 12/12
  5421 | D:5      | Reached skill level 3 in Short Blades
  5421 | D:5      | Reached skill level 3 in Long Blades
  5421 | D:5      | Reached skill level 3 in Axes
  5421 | D:5      | Reached skill level 3 in Maces & Flails
  5421 | D:5      | Reached skill level 3 in Polearms
  5421 | D:5      | Reached skill level 3 in Staves
  5421 | D:5      | Reached skill level 3 in Slings
  5421 | D:5      | Reached skill level 3 in Bows
  5421 | D:5      | Reached skill level 3 in Crossbows
  5421 | D:5      | Reached skill level 3 in Throwing
  5421 | D:5      | Reached skill level 3 in Armour
  5421 | D:5      | Reached skill level 3 in Shields
  5421 | D:5      | Reached skill level 3 in Spellcasting
  5421 | D:5      | Reached skill level 3 in Evocations
  5947 | D:5      | Found a staircase to the Ecumenical Temple.
  5998 | D:5      | Found a glowing golden altar of the Shining One.
  5998 | D:5      | Found a stormy altar of Qazlal.
  6009 | D:5      | Found a snail-covered altar of Cheibriados.
  6009 | D:5      | Found a glowing silver altar of Zin.
  6235 | D:5      | Found an ornate altar of the Wu Jian Council.
  6411 | D:6      | Found a runed translucent gate.
  6411 | D:6      | Found a runed translucent gate.
  6411 | D:6      | Found a runed translucent gate.
  6446 | D:6      | Noticed initializr's ghost (novice PaFi)
  6974 | D:6      | Reached skill level 3 in Conjurations
  6974 | D:6      | Reached skill level 3 in Hexes
  6974 | D:6      | Reached skill level 3 in Summonings
  6974 | D:6      | Reached skill level 3 in Necromancy
  6974 | D:6      | Reached skill level 3 in Translocations
  6974 | D:6      | Reached skill level 3 in Transmutations
  6974 | D:6      | Reached skill level 3 in Fire Magic
  6974 | D:6      | Reached skill level 3 in Ice Magic
  6974 | D:6      | Reached skill level 3 in Air Magic
  6974 | D:6      | Reached skill level 3 in Earth Magic
  6974 | D:6      | Reached skill level 3 in Poison Magic
  6974 | D:6      | Reached skill level 4 in Invocations
  7084 | D:6      | Found a sparkling altar of Nemelex Xobeh.
  7204 | D:6      | Reached XP level 9. HP: 43/72 MP: 14/14
  7455 | D:6      | Noticed Pikel
  7488 | D:6      | Killed Pikel
  7489 | D:6      | Reached skill level 4 in Short Blades
  7489 | D:6      | Reached skill level 4 in Long Blades
  7489 | D:6      | Reached skill level 4 in Axes
  7489 | D:6      | Reached skill level 4 in Maces & Flails
  7489 | D:6      | Reached skill level 4 in Polearms
  7489 | D:6      | Reached skill level 4 in Staves
  7489 | D:6      | Reached skill level 4 in Slings
  7489 | D:6      | Reached skill level 4 in Bows
  7489 | D:6      | Reached skill level 4 in Crossbows
  7489 | D:6      | Reached skill level 4 in Throwing
  7489 | D:6      | Reached skill level 4 in Armour
  7489 | D:6      | Reached skill level 4 in Shields
  7489 | D:6      | Reached skill level 4 in Spellcasting
  7489 | D:6      | Reached skill level 4 in Evocations
  7744 | D:6      | Reached skill level 6 in Stealth
  7956 | D:6      | Found an iron altar of Okawaru.
  8619 | D:7      | Reached skill level 8 in Fighting
  8619 | D:7      | Reached skill level 8 in Dodging
  8619 | D:7      | Reached skill level 8 in Unarmed Combat
  8782 | D:7      | Found a flagged portal.
  8918 | D:7      | Identified the +4 spear of Honour {freeze, rF+ Int+6}
  8926 | Bailey   | Entered a bailey
  9087 | Bailey   | Reached skill level 5 in Invocations
  9300 | Bailey   | Reached ***** piety under Vehumet
  9725 | Bailey   | Offered knowledge of Lee's Rapid Deconstruction by Vehumet.
  9754 | Bailey   | Learned a level 5 spell: Lee's Rapid Deconstruction
  9975 | Bailey   | Reached skill level 4 in Conjurations
  9975 | Bailey   | Reached skill level 4 in Hexes
  9975 | Bailey   | Reached skill level 4 in Summonings
  9975 | Bailey   | Reached skill level 4 in Necromancy
  9975 | Bailey   | Reached skill level 4 in Translocations
  9975 | Bailey   | Reached skill level 4 in Transmutations
  9975 | Bailey   | Reached skill level 4 in Fire Magic
  9975 | Bailey   | Reached skill level 4 in Ice Magic
  9975 | Bailey   | Reached skill level 4 in Air Magic
  9975 | Bailey   | Reached skill level 4 in Earth Magic
  9975 | Bailey   | Reached skill level 4 in Poison Magic
  9975 | Bailey   | Reached XP level 10. HP: 80/80 MP: 6/17
 10191 | Bailey   | HP: 5/80 [orc warrior/+0 halberd (8)]
 10194 | Bailey   | Reached skill level 5 in Short Blades
 10194 | Bailey   | Reached skill level 5 in Long Blades
 10194 | Bailey   | Reached skill level 5 in Axes
 10194 | Bailey   | Reached skill level 5 in Maces & Flails
 10194 | Bailey   | Reached skill level 5 in Polearms
 10194 | Bailey   | Reached skill level 5 in Staves
 10194 | Bailey   | Reached skill level 5 in Slings
 10194 | Bailey   | Reached skill level 5 in Bows
 10194 | Bailey   | Reached skill level 5 in Crossbows
 10194 | Bailey   | Reached skill level 5 in Throwing
 10194 | Bailey   | Reached skill level 5 in Armour
 10194 | Bailey   | Reached skill level 5 in Shields
 10194 | Bailey   | Reached skill level 5 in Spellcasting
 10194 | Bailey   | Reached skill level 5 in Evocations
 10605 | Bailey   | Noticed an orc knight
 10630 | Bailey   | Killed an orc knight
 11909 | D:7      | Found Gago's Distillery.
 11967 | D:7      | Reached skill level 6 in Invocations
 12414 | D:7      | Bought a potion of haste for 130 gold pieces
 12625 | D:8      | Paralysed by a hornet for 3 turns
 12627 | D:8      | Reached skill level 7 in Stealth
 13384 | D:8      | HP: 4/77 [orc warrior/+0 dire flail (14)]
 13389 | D:8      | Slain by an orc warrior

Vanquished Creatures
  Pikel (D:6)
  An orc knight (Bailey)
  A hornet (D:8)
  A steam dragon (D:6)
  2 water moccasins
  15 orc warriors (Bailey)
  3 sky beasts
  5 ice beasts
  A black bear (D:4)
  3 ogres
  A centaur (D:7)
  A phantom (D:6)
  3 lemures (D:6)
  A bullfrog (D:7)
  A kobold brigand (D:6)
  4 scorpions
  4 wights
  9 killer bees
  3 hounds
  A gnoll shaman (D:6)
  4 orc priests
  Ijyb (D:4)
  An orc wizard (D:5)
  3 iguanas (D:5)
  8 adders
  5 gnolls (D:6)
  A shadow imp (D:5)
  2 white imps
  6 worms
  2 dart slugs
  33 orcs
  6 endoplasms
  6 giant cockroaches
  5 goblins
  13 hobgoblins
  A jackal (D:2)
  14 kobolds
  5 quokkas
  6 ball pythons
  8 bats
  5 frilled lizards
  4 rats
200 creatures vanquished.

Vanquished Creatures (others)
  7 fungi (D:8)
  17 plants (D:8)
  4 toadstools (D:1)
28 creatures vanquished.

Grand Total: 228 creatures vanquished
